 Dungeon Crawl Stone Soup version 0.28-a0-1199-gef9e1dbd39 (webtiles) character file.

Game seed: 1330316927037514349

1465 karrick the Cudgeller (level 8, -2/49 HPs)
             Began as a Gargoyle Fighter on Dec 20, 2021.
             Killed from afar by an orc wizard (5 damage)
             ... with a magic dart
             ... on level 6 of the Dungeon.
             The game lasted 00:14:32 (6948 turns).

karrick the Cudgeller (Gargoyle Fighter)            Turns: 6948, Time: 00:14:32

Health: -2/49      AC: 16    Str: 21    XL:     8   Next: 77%
Magic:  8/8        EV: 10    Int:  8    God:
Gold:   34         SH:  0    Dex: 11    Spells: 7/7 levels left

rFire   . . .      SeeInvis .   q - +2 war axe (elec)
rCold   . . .      Faith    .   c - +0 buckler
rNeg    + . .      Spirit   .   b - +0 scale mail
rPois   ∞          Reflect  .   r - +0 helmet
rElec   +          Harm     .   s - +1 cloak
rCorr   .          Rampage  .   (no gloves)
Will    .....                   (no boots)
Stlth   ..........              (no amulet)
HPRegen 0.16/turn               (no ring)
MPRegen 0.11/turn               (no ring)

@: confused, mighty
A: sickness immunity, AC +5, negative energy resistance 1, electricity
resistance, torment resistance 1, petrification resistance
a: no special abilities


You were on level 6 of the Dungeon.
You visited 1 branch of the dungeon, and saw 6 of its levels.
You also visited: Sewer.

You collected 189 gold pieces.
You spent 155 gold pieces at shops.

Inventory:

Hand Weapons
 a - a +0 flail
 q - a +2 war axe of electrocution (weapon)
 y - a +2 demon blade of freezing
Armour
 b - a +0 scale mail (worn)
 c - a +0 buckler (worn)
 r - a +0 helmet (worn)
 s - a +1 cloak (worn)
Wands
 u - a wand of digging (1)
Scrolls
 e - 2 scrolls of summoning {unknown}
 f - 6 scrolls of identify {unknown}
 h - 2 scrolls of teleportation {unknown}
 i - a scroll of torment {unknown}
 j - a scroll of immolation {unknown}
 k - 2 scrolls of silence {unknown}
 m - 2 scrolls of fear {unknown}
 n - 2 scrolls of fog {unknown}
 v - a scroll of magic mapping
 x - a scroll of amnesia {unknown}
Potions
 d - a potion of invisibility {unknown}
 g - a potion of flight {unknown}
 l - a potion of degeneration {unknown}
 o - a potion of heal wounds {unknown}
 p - a potion of cancellation
 t - a potion of lignification {unknown}


   Skills:
 + Level 5.3 Fighting
 - Level 1.3(4.4) Axes
 + Level 7.4(7.5) Maces & Flails
 + Level 6.2 Armour
 - Level 1.6 Dodging
 + Level 0.8 Stealth
 + Level 4.9 Shields


You had 7 spell levels left.
You didn't know any spells.
Your spell library contained the following spells:

 Spells                   Type           Power      Damage    Failure   Level
 Conjure Flame            Conj/Fire      0%         6-21      97%         3
 Ignite Poison            Fire/Tmut/Pois 0%         N/A       97%         3
 Lesser Beckoning         Tloc           0%         N/A       97%         3
 Portal Projectile        Hex/Tloc       0%         N/A       97%         3
 Summon Guardian Golem    Hex/Summ       0%         N/A       97%         3
 Sticky Flame             Conj/Fire      0%         2d3       100%        4
 Fireball                 Conj/Fire      0%         3d3       100%        5
 Starburst                Conj/Fire      0%         6d3       100%        6
 Ignition                 Fire           0%         3d3       100%        8


Dungeon Overview and Level Annotations

Branches:
Dungeon (6/15)              Sewer (visited)
 Temple: D:4-7

Altars:
Xom

Shops:
D:1 *

Annotations:
D:4 Grinder
D:6 Maggie


Innate Abilities, Weirdness & Mutations

You are immune to sickness and miasma.
Your stone body is resilient. (AC +5)
You are immune to poison.
You resist negative energy. (rN+)
You are resistant to electric shocks. (rElec)
You are resistant to unholy torment.
You are immune to petrification.


Message History

The orc priest hits you but does no damage.
Something hits you but does no damage.
You hear a zap.
Something tries to affect you, but you resist.
The ice beast hits you but does no damage.
The orc priest hits you with a +0 club.
* * * LOW HITPOINT WARNING * * *
You hear some strange, mumbled words.
A magic dart appears from out of thin air!
The magic dart hits you.
* * * LOW HITPOINT WARNING * * *
You barely miss something. You miss something. You closely miss the ice beast.
You barely miss the orc priest. Something hits you but does no damage.
The ice beast completely misses you. You block the orc priest's attack.
Something completely misses you.
You hear some strange, mumbled words.
A magic dart appears from out of thin air!
The magic dart hits you but does no damage.
Unknown command.
You slash something! Lightning courses through something!
Reactivating autopickup.
You feel a bit more experienced.
You slash the orc priest! You completely miss the ice beast.
You barely miss something. You block the ice beast's attack.
The orc priest hits you with a +0 club.
* * * LOW HITPOINT WARNING * * *
You hear some strange, mumbled words.
Deactivating autopickup; reactivate with Ctrl-A.
You are confused.
Unknown command.
You're too confused to attack without stumbling around!
You slash the ice beast!
The ice beast is severely wounded.
You closely miss the orc priest. You completely miss something.
The ice beast hits you but does no damage.
The orc priest hits you with a +0 club.
* * * LOW HITPOINT WARNING * * *
You hear some strange, mumbled words.
A magic dart appears from out of thin air!
The magic dart hits you.
You die...

#.. ####
.####..#########...##
....................##
.......<..............
......................
....?.................
................[.....
...............)......
............Y@........
............o){.......
......................
......................
.....................
..................
.................
...............


You could see an ice beast and an orc priest.

Vanquished Creatures
  An acid dragon (D:5)
  2 orc warriors (D:5)
  Pargi (Sewer)
  A sky beast (D:5)
  A phantom (D:5)
  3 gnoll sergeants (D:5)
  A water moccasin zombie (D:5)
  A water moccasin skeleton (D:5)
  2 jellies
  3 hounds
  An orc priest (D:5)
  Crazy Yiuf (D:5)
  A centaur skeleton (D:5)
  2 iguanas (D:5)
  4 orc wizards
  A killer bee zombie (D:5)
  A hound zombie (D:5)
  A hound skeleton (D:5)
  6 gnolls
  4 adders
  A white imp (D:5)
  An ufetubus (D:5)
  A worm (D:5)
  6 orcs
  6 bats
  8 endoplasms
  5 giant cockroaches
  6 goblins
  6 hobgoblins
  3 jackals (D:4)
  2 quokkas (D:1)
  11 ball pythons
  11 frilled lizards
  7 kobolds
  7 rats
119 creatures vanquished.

Vanquished Creatures (others)
  2 adders (D:3)
  A dart slug (D:3)
  An orc (D:3)
4 creatures vanquished.

Grand Total: 123 creatures vanquished

Notes
Turn   | Place    | Note
-------+----------+-------------------------------------------
     0 | D:1      | karrick the Gargoyle Fighter began the quest for the Orb.
     0 | D:1      | Reached XP level 1. HP: 14/14 MP: 1/1
   348 | D:1      | Reached XP level 2. HP: 17/19 MP: 2/2
   393 | D:1      | Found Ygeliuh's General Store.
  1044 | D:2      | Reached XP level 3. HP: 23/23 MP: 3/3
  1079 | D:2      | Found a faded altar of an unknown god.
  1516 | D:2      | Reached skill level 3 in Maces & Flails
  1820 | D:3      | Found a glowing drain.
  1834 | D:3      | Reached XP level 4. HP: 24/29 MP: 4/4
  1859 | Sewer    | Entered a sewer
  1978 | Sewer    | Noticed Pargi
  1986 | Sewer    | Killed Pargi
  1987 | Sewer    | Reached XP level 5. HP: 31/33 MP: 5/5
  2190 | D:3      | Reached skill level 1 in Dodging
  2329 | D:3      | Reached skill level 4 in Maces & Flails
  2407 | D:3      | Found a shimmering altar of Xom.
  2747 | D:2      | Reached XP level 6. HP: 20/38 MP: 6/6
  3821 | D:4      | Noticed Grinder
  3839 | D:5      | Entered Level 5 of the Dungeon
  4248 | D:5      | Reached skill level 5 in Maces & Flails
  4248 | D:5      | Reached XP level 7. HP: 35/43 MP: 7/7
  4700 | D:5      | Reached skill level 5 in Armour
  5056 | D:5      | Reached skill level 6 in Maces & Flails
  5127 | D:5      | Found a runed translucent door.
  5128 | D:5      | Noticed Crazy Yiuf
  5137 | D:5      | Killed Crazy Yiuf
  5138 | D:5      | Reached skill level 1 in Axes
  5138 | D:5      | Reached XP level 8. HP: 35/48 MP: 8/8
  6058 | D:1      | Bought a wand of digging (2) for 120 gold pieces
  6058 | D:1      | Bought a scroll of magic mapping for 35 gold pieces
  6333 | D:6      | Noticed Maggie
  6406 | D:5      | Reached skill level 5 in Fighting
  6406 | D:5      | Reached skill level 7 in Maces & Flails
  6578 | D:6      | Got the Reference Book on Dislocated Creation
  6948 | D:6      | Killed from afar by an orc wizard

Illustrated notes

Levels and vault maps discovered:
D:1:      minmay_arrival_plants_in_alcoves, layout_basic, serial_shops,
          nicolae_square_shop
D:2:      layout_basic, hellmonk_ecumenical_altar_heavens_door,
          minmay_lizard_pond
D:3:      layout_loops_ring, xom_confusion_cloud, gup_sewer_entry_glass
D:4:      layout_cave_pools, uniq_grinder
D:5:      layout_gridville, hangedman_decor_riveting, uniq_crazy_yiuf_cottage
D:6:      layout_layer_cave, nemelex_diamond_rough_becter,
          minmay_overflow_temple_star_quad,
          minmay_temple_entry_statues_fountains, sword_in_stone, uniq_maggie

Skill      XL: |  1  2  3  4  5  6  7  8 |
---------------+-------------------------+-----
Maces & Flails | 3 4 5 6 7 |  7.4
Fighting       | 4 5 |  5.3
Armour         | 4 5 6 |  6.2
Dodging        | 1 |  1.6
Shields        | 4 |  4.9
Axes           | 1 |  1.3
Stealth        | |  0.8

Action                   |  1- 3 |  4- 6 |  7- 9 || total
-------------------------+-------+-------+-------++-------
Melee: Flail             |   145 |   180 |   136 ||   461
       War axe           |       |    12 |    56 ||    68
Evoke: Wand              |       |       |     1 ||     1
  Use: Potion            |       |     1 |     6 ||     7
 Stab: Confused          |       |     1 |       ||     1
Armor: Scale mail        |    90 |   110 |   103 ||   303
       Skin              |       |       |    21 ||    21
Dodge: Dodged            |    70 |    76 |    98 ||   244
Block: Buckler           |    26 |    56 |    56 ||   138

Table legend: (Time is in decaauts)
 A = Elapsed time spent in this place.
 B = Non-inter-level travel time spent in this place.
 C = Inter-level travel time spent in this place.
 D = Time resting spent in this place.
 E = Time spent auto-exploring this place.
 F = Levels seen in this place.
 G = Mean time per level.
                   A        B        C        D        E       F      G
               +--------+--------+--------+--------+--------+-----+--------+
         Total |   7124 |   6691 |    433 |   1025 |   4201 |   7 | 1017.7 |
       Dungeon |   6759 |   6326 |    433 |   1025 |   3938 |   6 | 1126.5 |
         Sewer |    365 |    365 |      0 |      0 |    263 |   1 |  365.0 |
               +--------+--------+--------+--------+--------+-----+--------+

Top non-repeatable levels by time:
     D:5: 2754 daAuts
     D:2: 1434 daAuts
     D:3: 1130 daAuts
     D:1: 1014 daAuts
   Sewer: 365 daAuts
     D:4: 239 daAuts
     D:6: 186 daAuts
